 Dungeon Crawl Stone Soup version 0.31-a0-1591-g515db51633 (webtiles) character file.

Game seed: 11614199072291482225

111 BigPumpCobain the Trooper (level 4, -5/41 HPs)
             Began as a Minotaur Fighter on Jan 6, 2024.
             Slain by a gnoll
             ... wielding a +0 halberd
              (9 damage)
             ... on level 2 of the Dungeon.
             The game lasted 00:01:40 (1502 turns).

BigPumpCobain the Trooper (Minotaur Fighter)        Turns: 1502, Time: 00:01:40

Health: -5/41      AC:  9    Str: 23    XL:     4   Next: 62%
Magic:  3/3        EV:  8    Int:  5    God:
Gold:   38         SH:  4    Dex:  9    Spells: 3/3 levels left

rFire   . . .        a - +0 flail
rCold   . . .        c - +0 buckler
rNeg    . . .        j - +0 chain mail
rPois   .            (helmet restricted)
rElec   .            (no cloak)
rCorr   +            (no gloves)
SInv    .            (no boots)
Will    .....        (no amulet) Stlth
                     i - ring of resist corrosion
HPRegen 0.26/turn    (no ring)
MPRegen 0.08/turn

%: no passive effects
@: no status effects
A: horns 2, retaliatory headbutt
a: no special abilities


You were on level 2 of the Dungeon.
You visited 1 branch of the dungeon, and saw 2 of its levels.

You collected 38 gold pieces.

Inventory:

Hand Weapons
 a - a +0 flail (weapon)
Armour
 c - a +0 buckler (worn)
 j - a +0 chain mail (worn)
Jewellery
 i - a ring of resist corrosion (left hand)
Wands
 b - a wand of iceblast (9)
Scrolls
 g - a scroll of amnesia
 k - 2 scrolls of teleportation
 m - a scroll of fog
 o - a scroll of enchant armour {unknown}
Potions
 d - 2 potions of might
 e - a potion of lignification {unknown}
 f - a potion of heal wounds {unknown}
 h - a potion of resistance {unknown}
 l - 2 potions of attraction {unknown}
 n - a potion of brilliance {unknown}


   Skills:
 + Level 4.4 Fighting
 * Level 4.1 Maces & Flails
 + Level 4.3 Armour
 + Level 4.3 Shields


You had 3 spell levels left.
You didn't know any spells.
Your spell library was empty.

Dungeon Overview and Level Annotations

Branches:
Dungeon (2/15)

Altars:


Innate Abilities, Weirdness & Mutations

You have a pair of horns on your head.
You reflexively headbutt those who attack you in melee.


Message History

You are too injured to fight recklessly!
You are too injured to fight recklessly!
You are too injured to fight recklessly!
You are too injured to fight recklessly!
You are too injured to fight recklessly!
You are too injured to fight recklessly!
You are too injured to fight recklessly!
You are too injured to fight recklessly!
You are too injured to fight recklessly!
You thump the gnoll!
You kill the gnoll!
The gnoll hits you but does no damage. You block the gnoll's attack.
The gnoll hits you from afar with a +0 halberd!
* * * LOW HITPOINT WARNING * * *
You see here a +0 whip.
You hit the gnoll.
The gnoll is moderately wounded.
The gnoll barely misses you. You furiously retaliate!
You headbutt the gnoll!
You kill the gnoll!
The gnoll hits you but does no damage. The gnoll barely misses you.
The gnoll hits you with a +0 whip.
* * * LOW HITPOINT WARNING * * *
Your Maces & Flails skill increases to level 4!
You closely miss the gnoll. You headbutt the gnoll!
The gnoll is severely wounded.
The gnoll barely misses you. The gnoll completely misses you.
You closely miss the gnoll.
The gnoll is severely wounded.
The gnoll barely misses you. You block the gnoll's attack.
You hit the gnoll. You headbutt the gnoll.
You kill the gnoll!
You block the gnoll's attack. The gnoll hits you with a +0 halberd.
* * * LOW HITPOINT WARNING * * *
Items here: )) ††.
You hit the gnoll but do no damage. The gnoll barely misses you.
You completely miss the gnoll. Your headbutt misses the gnoll.
The gnoll hits you with a +0 halberd!
You die...

########..#### #.#.####.#
#..........#.###.#.####.#
#.#####..............##.#
#.#####........#.#.#.##.#
....................#.#.##.#
...#.#####.#......###.#.##.#
#.##.#####.#.#...## #......#
##.##......)#+##.## ###.####
#...########@g.### ##...# #...#
#.....# #.###.# #...## #.......#
#.# .#
######...####.........####.###.#
............+.........+...[...#
######...####.........####...##
#..## ##.......## ##..#
####.##### ##.....## ##.#
#.....<..# #..#


You could see a gnoll.

Vanquished Creatures
  4 gnolls
  2 adders (D:2)
  2 dart slugs (D:1)
  A ribbon worm (D:2)
  4 endoplasms
  A giant cockroach (D:2)
  2 hobgoblins
  6 jackals (D:1)
  2 quokkas (D:2)
  4 ball pythons (D:1)
  6 bats
  2 frilled lizards (D:1)
  A goblin (D:1)
  5 kobolds
  7 rats
49 creatures vanquished.

Notes
Turn   | Place    | Note
-------+----------+-------------------------------------------
     0 | D:1      | BigPumpCobain the Minotaur Fighter began the quest for the
                  | Orb.
     0 | D:1      | Reached XP level 1. HP: 19/19 MP: 0/0
    70 | D:1      | Reached XP level 2. HP: 25/27 MP: 1/1
   151 | D:1      | Reached XP level 3. HP: 33/33 MP: 2/2
  1106 | D:2      | Reached XP level 4. HP: 34/40 MP: 3/3
  1502 | D:2      | Slain by a gnoll

Illustrated notes

Levels and vault maps discovered:
D:1:      zaba_arrival_water, layout_basic, hangedman_decor_peaks_small,
          minmay_misc_feat_four_crosses
D:2:      layout_loops_corners

Skill      XL: |  1  2  3  4 |
---------------+-------------+-----
Maces & Flails | 3 4 |  4.1
Fighting       | 4 |  4.4
Armour         | 4 |  4.3
Shields        | 4 |  4.3

Action                     |  1- 3 |  4- 6 || total
---------------------------+-------+-------++-------
  Melee: Flail             |    95 |    17 ||   112
         Headbutt          |    12 |     7 ||    19
    Use: Scroll            |       |     3 ||     3
 Armour: Scale mail        |    54 |       ||    54
         Chain mail        |    26 |    12 ||    38
  Dodge: Dodged            |    33 |    10 ||    43
  Block: Buckler           |    30 |     6 ||    36

Table legend: (Time is in decaauts)
 A = Elapsed time spent in this place.
 B = Non-inter-level travel time spent in this place.
 C = Inter-level travel time spent in this place.
 D = Time resting spent in this place.
 E = Time spent auto-exploring this place.
 F = Levels seen in this place.
 G = Mean time per level.
                   A        B        C        D        E       F      G
               +--------+--------+--------+--------+--------+-----+--------+
         Total |   1536 |   1467 |     69 |      0 |   1201 |   2 |  768.0 |
       Dungeon |   1536 |   1467 |     69 |      0 |   1201 |   2 |  768.0 |
               +--------+--------+--------+--------+--------+-----+--------+

Top non-repeatable levels by time:
     D:1: 793 daAuts
     D:2: 743 daAuts
